Map: Odyssey LE

Players

AxImpact (Impact) - Winner!

  • Race: Zerg Zerg
  • League: Diamond
  • Spawn Location: 5:00

ShoWTimE

  • Race: Protoss Protoss
  • League: Grandmaster
  • Spawn Location: 11:00

Event: HomeStory Cup XVI

VOD

Have the link to the VOD?

Description

Time

  • Played on: Nov. 10, 2017, 8:06 a.m.
  • Length: 10:26

All games in this series

Show
View Real Time Build Order
Export as new Build Order

AxImpact Zerg - Winner!

Build Orders: Pool First 

Get SALT Encoding   

  12  0:00  Drone  
  13  0:12  Overlord  
  13  0:17  Drone  
  14  0:31  Drone x2  
  14  0:35  Drone  
  17  0:44  Extractor  
  17  0:46  Spawning Pool  
  17  0:49  Drone  
  16  0:55  Drone  
  17  1:06  Drone  
  18  1:29  Hatchery  
  18  1:32  Queen, Zergling x2  
  18  1:36  Zergling x2  
  21  1:45  Metabolic Boost  
  21  1:51  Overlord  
  21  2:07  Drone  
  22  2:08  Queen  
  22  2:10  Drone  
  22  2:11  Drone  
  26  2:21  Drone  
  27  2:32  Drone  
  28  2:39  Hatchery  
  28  2:41  Drone  
  28  2:44  Drone  
  29  2:47  Drone  
  29  2:50  Drone  
  31  2:53  Drone  
  31  2:56  Drone  
  33  3:00  Overlord  
  33  3:06  Drone  
  33  3:07  Drone  
  33  3:11  Drone  
  35  3:18  Zergling x4  
  37  3:20  Zergling x2  
  37  3:22  Drone x2  
  37  3:23  Drone  
  37  3:26  Evolution Chamber  
  40  3:27  Drone  
  40  3:31  Zergling x2  
  42  3:34  Zergling x2  
  42  3:38  Spore Crawler  
  42  3:39  Spore Crawler  
  42  3:41  Overlord  
  41  3:47  Drone  
  42  3:50  Queen  
  42  3:51  Drone  
  42  3:53  Zerg Melee Weapons Level 1  
  45  3:56  Drone  
  45  3:58  Drone x2  
  45  4:00  Drone  
  49  4:03  Drone  
  49  4:06  Spore Crawler  
  49  4:08  Drone  
  49  4:09  Drone  
  49  4:21  Drone x2  
  49  4:22  Overlord  
  49  4:23  Drone x4  
  55  4:26  Extractor, Drone  
  55  4:29  Drone  
  56  4:33  Lair  
  56  4:38  Extractor  
  55  4:39  Overlord  
  55  4:41  Drone x3  
  55  4:45  Overlord  
  58  4:52  Drone  
  58  4:55  Overlord  
  58  4:58  Drone x3  
  58  4:59  Overlord  
  60  5:01  Drone x3  
  60  5:03  Drone  
  60  5:05  Drone  
  65  5:11  Drone  
  65  5:13  Drone  
  65  5:14  Baneling Nest  
  65  5:20  Drone x3  
  65  5:21  Drone  
  65  5:22  Drone  
  65  5:25  Drone x3  
  70  5:31  Drone x2  
  70  5:32  Drone x2  
  70  5:33  Hydralisk Den  
  70  5:34  Overseer  
  70  5:35  Extractor, Drone x2  
  73  5:37  Extractor  
  73  5:38  Zergling x4  
  73  5:39  Zergling x2  
  73  5:41  Zergling x2  
  76  5:45  Zergling x2  
  77  5:51  Zerg Melee Weapons Level 2, Zergling x2  
  77  5:53  Zergling x2  
  77  5:54  Zergling x2  
  80  5:57  Zergling x4  
  80  5:58  Baneling x6  
  80  5:59  Zergling x2  
  80  6:02  Zergling x8  
  80  6:03  Centrifical Hooks  
  87  6:06  Overlord  
  87  6:08  Overlord  
  87  6:15  Hatchery  
  87  6:16  Zergling x4  
  88  6:19  Muscular Augments  
  88  6:22  Overlord  
  88  6:25  Hydralisk x2  
  88  6:28  Hydralisk  
  88  6:30  Hydralisk  
  93  6:33  Hydralisk  
  93  6:34  Zergling x4  
  93  6:37  Hydralisk  
  93  6:38  Zergling x2  
  100  6:40  Hydralisk  
  100  6:41  Zergling x2  
  100  6:44  Hydralisk, Zergling x2  
  105  6:49  Hydralisk, Zergling x2  
  105  6:50  Baneling, Zergling x4  
  105  6:51  Baneling  
  104  6:56  Hydralisk  
  104  6:57  Zergling x2  
  104  6:58  Hydralisk  
  102  7:03  Hydralisk, Zergling x2  
  102  7:05  Hydralisk  
  102  7:06  Zergling x2  
  102  7:08  Zergling x2  
  102  7:09  Zergling x2  
  102  7:12  Baneling x3  
  102  7:13  Queen x2  
  106  7:19  Hydralisk, Zergling x2  
  106  7:20  Hydralisk  
  102  7:27  Hydralisk  
  102  7:28  Zergling x4  
  95  7:30  Hydralisk  
  95  7:36  Baneling x3  
  96  7:38  Zergling x6  
  96  7:39  Zergling x2  
  96  7:40  Zergling x4  
  96  7:41  Baneling x2, Hydralisk  
  106  7:48  Baneling x3  
  106  7:51  Hydralisk  
  106  7:52  Zergling x6  
  106  7:57  Extractor, Baneling  
  108  7:58  Hydralisk  
  108  8:01  Zergling x4  
  108  8:04  Overlord  
  112  8:07  Overlord  
  112  8:08  Overlord x2  
  111  8:19  Baneling x3  
  111  8:21  Zerg Missile Weapons Level 1  
  111  8:23  Overlord x2  
  111  8:26  Overlord x2, Hydralisk x3  
  111  8:27  Hydralisk x2  
  113  8:29  Hydralisk  
  113  8:32  Zergling x4  
  113  8:33  Hydralisk  
  127  8:37  Zergling x6  
  129  8:42  Baneling x7  
  129  8:44  Zergling x10  
  129  8:47  Spine Crawler, Zergling x2  
  134  8:50  Hydralisk  
  134  8:51  Baneling  
  134  8:52  Baneling  
  134  8:53  Hydralisk  
  134  8:54  Zergling x2  
  139  8:56  Hydralisk  
  139  9:01  Hydralisk  
  136  9:05  Hydralisk  
  136  9:06  Zergling x8  
  136  9:09  Hydralisk  
  132  9:10  Zergling x6  
  132  9:13  Hydralisk  
  132  9:14  Hydralisk  
  132  9:16  Hydralisk  
  133  9:18  Hydralisk  
  133  9:22  Hydralisk  
  132  9:25  Hydralisk  
  132  9:26  Zergling x2  
  117  9:32  Hydralisk x2  
  117  9:35  Hydralisk  
  117  9:36  Hydralisk, Zergling x2  
  117  9:37  Zergling x2  
  117  9:38  Zergling x6  
  119  9:40  Zergling x4  
  119  9:42  Zergling x2  
  119  9:43  Zergling x2  
  119  9:44  Zergling x2  
  122  9:47  Hydralisk  
  122  9:48  Zergling x2  
  122  9:49  Hydralisk  
  127  9:53  Hydralisk  
  127  9:56  Hydralisk  
  127  9:57  Zergling x6  
  127  9:58  Baneling x4  
  132  10:00  Baneling x2  
  132  10:01  Baneling x3  
  132  10:03  Zergling x2  
  132  10:06  Zergling x6  
Show
View Real Time Build Order
Export as new Build Order

ShoWTimE Protoss 

Build Orders: 1 Gate Expand, Oracle Opening, Phoenix Opening, Zealot Archon, Archon Drop 

Get SALT Encoding   

  1  0:00  Probe (Chrono Boost)  
  12  0:04  Probe (Chrono Boost)  
  14  0:17  Pylon  
  14  0:23  Probe (Chrono Boost)  
  16  0:37  Probe (Chrono Boost)  
  16  0:38  Gateway  
  16  0:44  Assimilator  
  17  0:50  Probe (Chrono Boost)  
  17  1:00  Probe (Chrono Boost)  
  18  1:06  Probe (Chrono Boost)  
  19  1:16  Probe (Chrono Boost)  
  20  1:26  Nexus  
  20  1:35  Cybernetics Core  
  20  1:38  Probe (Chrono Boost)  
  21  1:43  Assimilator  
  21  1:50  Probe (Chrono Boost)  
  21  1:52  Pylon  
  22  2:01  Adept  
  23  2:03  Probe (Chrono Boost)  
  23  2:11  Warp Gate  
  23  2:15  Probe (Chrono Boost)  
  26  2:27  Probe (Chrono Boost)  
  26  2:28  Zealot  
  29  2:35  Stargate  
  29  2:39  Probe (Chrono Boost)  
  29  2:40  Probe (Chrono Boost)  
  33  2:51  Probe (Chrono Boost)  
  33  2:52  Probe (Chrono Boost)  
  33  2:58  Adept  
  33  3:03  Probe (Chrono Boost)  
  33  3:04  Probe (Chrono Boost)  
  37  3:09  Shield Battery  
  37  3:10  Oracle, Probe (Chrono Boost)  
  36  3:16  Probe (Chrono Boost)  
  36  3:17  Probe (Chrono Boost)  
  38  3:25  Assimilator  
  42  3:28  Probe (Chrono Boost)  
  42  3:29  Probe (Chrono Boost), Pylon  
  42  3:30  Assimilator  
  43  3:38  Probe (Chrono Boost)  
  45  3:41  Probe (Chrono Boost)  
  45  3:44  Probe (Chrono Boost)  
  45  3:47  Phoenix  
  48  3:52  Twilight Council  
  48  3:54  Probe (Chrono Boost)  
  48  3:55  Probe (Chrono Boost)  
  50  4:00  Forge  
  50  4:06  Probe (Chrono Boost)  
  50  4:07  Pylon  
  52  4:10  Probe (Chrono Boost)  
  53  4:18  Probe (Chrono Boost)  
  53  4:21  Robotics Facility  
  53  4:22  Charge  
  53  4:23  Probe (Chrono Boost)  
  54  4:24  Protoss Ground Weapons Level 1  
  54  4:29  Gateway  
  55  4:38  Probe (Chrono Boost)  
  55  4:41  Gateway  
  55  4:50  Gateway  
  55  4:54  Adept  
  55  4:58  Pylon  
  58  5:00  Probe (Chrono Boost)  
  58  5:14  Warp Prism  
  52  5:23  Nexus  
  52  5:27  Templar Archives  
  54  5:30  Pylon  
  54  5:39  Gateway  
  54  5:41  Gateway x2  
  54  5:48  Gateway  
  54  5:50  Observer  
  54  5:52  Probe (Chrono Boost)  
  54  5:53  Probe (Chrono Boost)  
  57  5:58  Probe (Chrono Boost)  
  57  6:01  Pylon  
  59  6:05  High Templar x4, Probe (Chrono Boost)  
  59  6:07  Probe (Chrono Boost)  
  59  6:09  Archon x2  
  68  6:17  Probe (Chrono Boost)  
  70  6:19  Probe (Chrono Boost)  
  70  6:20  Pylon  
  70  6:23  Shield Battery  
  70  6:29  Probe (Chrono Boost)  
  69  6:45  Zealot x5  
  79  6:47  Zealot x3  
  79  6:50  Probe x2 (Chrono Boost)  
  88  6:54  Probe (Chrono Boost)  
  80  7:02  Probe (Chrono Boost)  
  80  7:03  Probe (Chrono Boost)  
  76  7:09  Zealot x8  
  76  7:13  Probe (Chrono Boost)  
  76  7:15  Probe (Chrono Boost)  
  92  7:20  Protoss Ground Weapons Level 2  
  90  7:28  Probe x2 (Chrono Boost)  
  90  7:29  Psionic Storm  
  76  7:30  Probe (Chrono Boost)  
  76  7:34  Assimilator, Probe x2 (Chrono Boost)  
  75  7:38  Probe (Chrono Boost)  
  75  7:39  Assimilator  
  75  7:42  High Templar x3  
  75  7:43  High Templar x2  
  88  7:46  Probe (Chrono Boost)  
  88  7:48  Probe (Chrono Boost)  
  88  7:50  High Templar  
  92  7:52  Pylon  
  92  7:53  Immortal  
  92  7:55  Shield Battery  
  96  7:59  Zealot x2  
  100  8:07  Robotics Facility  
  100  8:16  Zealot x2, Immortal  
  100  8:17  Zealot x3  
  114  8:35  Nexus  
  114  8:38  High Templar, Pylon  
  114  8:43  Pylon  
  114  8:45  Pylon  
  114  8:54  Zealot  
  116  8:56  Immortal  
  116  9:01  Probe x2 (Chrono Boost)  
  116  9:02  Zealot, Probe (Chrono Boost)  
  105  9:03  Zealot x2  
  94  9:13  Probe x2 (Chrono Boost)  
  94  9:14  Probe (Chrono Boost)  
  94  9:15  Archon x2  
  94  9:16  High Templar x2  
  101  9:18  Zealot x3  
  101  9:24  Zealot x2  
  101  9:30  Zealot  
  87  9:33  Probe (Chrono Boost)  
  87  9:34  Probe x2 (Chrono Boost)  
  88  9:39  Zealot x2  
  93  9:46  Zealot  
  93  9:49  Zealot  
  93  9:51  Zealot  
  99  9:54  Probe x2 (Chrono Boost)  
  99  9:58  Probe (Chrono Boost)  
  99  10:00  Probe (Chrono Boost)  
  99  10:06  Probe x2 (Chrono Boost)  
  101  10:12  Probe x2 (Chrono Boost)  
  103  10:17  Zealot x3  
Tags
 
Add a new tag
Caveats
  • Supply blocks, unpowered buildings, or Contaminate may cause inaccurate times.
  • Supply counts are checked every 10 seconds.